 Dungeon Crawl Stone Soup version 0.30-a0-377-g5cb311bc9f (webtiles) character file.

Game seed: 11566592059433257597

33 qeuew the Trooper (level 3, -16/26 HPs)
             Began as a Demonspawn Chaos Knight on Nov 29, 2022.
             Was a Plaything of Xom.
             Demolished by a steelbarb worm (glowing shapeshifter) (23 damage)
             ... led by Robin
             ... on level 2 of the Dungeon.
             The game lasted 00:02:39 (817 turns).

qeuew the Trooper (Demonspawn Chaos Knight)          Turns: 817, Time: 00:02:40

Health: -16/26     AC:  7    Str: 14    XL:     3   Next: 12%
Magic:  3/3        EV: 11    Int: 13    God:    Xom [.*....]
Gold:   38         SH:  0    Dex: 12    Spells: 2/2 levels left

rFire   . . .      SeeInvis .    a - +0 mace (chaos)
rCold   . . .      Faith    .    (no shield)
rNeg    . . .      Spirit   .    b - +2 leather armour
rPois   .          Reflect  .    (no helmet)
rElec   .          Harm     .    (no cloak)
rCorr   .          Rampage  .    (no gloves)
Will    .....                    (no boots)
Stlth   +.........               (no amulet)
HPRegen 0.24/turn                (no ring)
MPRegen 0.08/turn                (no ring)

@: no status effects
A: claws 1, yellow scales 1, hooves 1, frail 1
a: Renounce Religion


You were on level 2 of the Dungeon.
You worshipped Xom.
You were a plaything of Xom.
You visited 1 branch of the dungeon, and saw 2 of its levels.

You collected 38 gold pieces.

Inventory:

Hand Weapons
 a - a +0 mace of chaos (weapon)
Armour
 b - a +2 leather armour (worn)
Scrolls
 g - 2 scrolls of teleportation
Potions
 d - a potion of mutation
 e - a potion of curing
Miscellaneous
 c - a piece from Xom's chessboard (15/15) (quivered)


   Skills:
 * Level 3.4 Fighting
 + Level 2.9 Maces & Flails
 + Level 2.1 Armour
 + Level 1.2 Dodging
 + Level 1.0 Evocations


You had 2 spell levels left.
You didn't know any spells.
Your spell library was empty.

Dungeon Overview and Level Annotations

Branches:
Dungeon (2/15)

Altars:

Annotations:
D:2 Robin


Innate Abilities, Weirdness & Mutations

You have sharp fingernails.
You are partially covered in yellow scales. (AC +2)
You have large cloven feet.
You are frail. (-10% HP)


Message History

Unknown command.
You closely miss the goblin. You kick the goblin, but do no damage.
The goblin hits you with a +0 club. The goblin hits you but does no damage.
You closely miss the goblin. You kick the goblin.
You kill the goblin!
The goblin hits you but does no damage.
You hit the goblin.
You feel better.
Your kick misses the goblin.
The goblin is severely wounded.
The goblin barely misses you. x2
You barely miss the goblin. You kick the goblin.
You kill the goblin!
The goblin hits you with a +0 club. x2; The goblin misses you.
You barely miss the goblin. You kick the goblin.
The goblin is heavily wounded.
The goblin no longer looks unusually strong.
The goblin misses you. The goblin closely misses you.
Robin roars a battlecry!
The goblin goes into a battle-frenzy!
You hit the goblin but do no damage.
The goblin changes into a glowing shapeshifter!
Xom roars with laughter!
You kick the glowing shapeshifter.
The glowing shapeshifter is lightly wounded.
The hobgoblin no longer looks unusually strong.
The glowing shapeshifter changes into a steelbarb worm!
Robin roars a battlecry!
The hobgoblin goes into a battle-frenzy!
The goblin barely misses you.
You hit the steelbarb worm.
The steelbarb worm is lightly wounded.
The goblin barely misses you.
The steelbarb worm completely misses you.
You hit the steelbarb worm but do no damage.
The steelbarb worm is lightly wounded.
The goblin hits you with a +0 club.
* * * LOW HITPOINT WARNING * * *
The steelbarb worm hits you!!
Ouch! That really hurt!
You die...
Xom giggles madly!

#.....# #.....#
#.....# #.....###...
.ggw...... gKg.....#
#w##....# #@##....#
#g##....# #.##....#
#..'....+
###########....#
..............#
#........######
+..............>
######........#####..


You could see a steelbarb worm shaped shifter, a worm, Robin, a hobgoblin
(strong), 3 goblins and a kobold.

Vanquished Creatures
  A bat (D:2)
  An endoplasm (D:1)
  A giant cockroach (D:2)
  6 goblins
  4 hobgoblins (D:1)
  2 quokkas (D:1)
  5 ball pythons
  4 frilled lizards
  3 kobolds (D:1)
  3 rats (D:1)
30 creatures vanquished.

Notes
Turn   | Place    | Note
-------+----------+-------------------------------------------
     0 | D:1      | qeuew the Demonspawn Chaos Knight began the quest for the
                  | Orb.
     0 | D:1      | Reached XP level 1. HP: 18/18 MP: 1/1
    48 | D:1      | Reached skill level 1 in Dodging
   114 | D:1      | XOM: noise
   147 | D:1      | Gained mutation: You have sharp fingernails. [demonic
                  | ancestry]
   147 | D:1      | Reached XP level 2. HP: 24/24 MP: 2/2
   262 | D:1      | XOM: confusion (+ monsters)
   660 | D:1      | Gained mutation: You are frail. (-10% HP) [potion of
                  | mutation]
   660 | D:1      | Gained mutation: You have large cloven feet. [potion of
                  | mutation]
   804 | D:2      | Noticed Robin
   806 | D:2      | Reached skill level 1 in Evocations
   806 | D:2      | Gained mutation: You are partially covered in yellow
                  | scales. (AC +2) [demonic ancestry]
   806 | D:2      | Reached XP level 3. HP: 20/26 MP: 3/3
   815 | D:2      | a goblin changed into a glowing shapeshifter
   815 | D:2      | Noticed a glowing shapeshifter (glowing shapeshifter)
   815 | D:2      | a glowing shapeshifter changed into a steelbarb worm
   815 | D:2      | Noticed a steelbarb worm (glowing shapeshifter)
   817 | D:2      | Demolished by a steelbarb worm (glowing shapeshifter)

Illustrated notes

Levels and vault maps discovered:
D:1:      lightli_arrival_farm, layout_rooms
D:2:      layout_basic, uniq_robin, uniq_natasha

Skill      XL: |  1  2 |
---------------+-------+-----
Dodging        | 1 |  1.2
Armour         | 2 |  2.1
Evocations     | 1 |  1.0
Fighting       | |  3.4
Maces & Flails | |  2.9

Action                   || total
-------------------------++-------
Melee: Mace              ||    78
       Kick              ||    11
  Use: Scroll            ||     3
       Potion            ||     2
Armor: Leather armour    ||    48
Dodge: Dodged            ||    57

Table legend: (Time is in decaauts)
 A = Elapsed time spent in this place.
 B = Non-inter-level travel time spent in this place.
 C = Inter-level travel time spent in this place.
 D = Time resting spent in this place.
 E = Time spent auto-exploring this place.
 F = Levels seen in this place.
 G = Mean time per level.
                   A        B        C        D        E       F      G
               +--------+--------+--------+--------+--------+-----+--------+
         Total |    853 |    802 |     51 |      0 |    617 |   2 |  426.5 |
       Dungeon |    853 |    802 |     51 |      0 |    617 |   2 |  426.5 |
               +--------+--------+--------+--------+--------+-----+--------+

Top non-repeatable levels by time:
     D:1: 745 daAuts
     D:2: 108 daAuts
